 Dungeon Sprint DCSS version 0.28.0-45-g0d030f2227 (webtiles) character file.

Game seed: 6896198700964991029

10 McKennaii the Skirmisher (level 2, -2/39 HPs)
             Began as a Demigod Fighter on Apr 18, 2022.
             Succumbed to a scorpion's poison
             ... in the Dungeon (Sprint II: "The Violet Keep of Menkaure").
             The game lasted 00:00:40 (223 turns).

McKennaii the Skirmisher (Demigod Fighter)           Turns: 223, Time: 00:00:41

Health: -2/39      AC:  6    Str: 17    XL:     2   Next: 0%
Magic:  4/4        EV:  9    Int: 10    God:
Gold:   243        SH:  4    Dex: 13    Spells: 1/1 levels left

rFire   . . .      SeeInvis .   a - +0 trident
rCold   . . .      Faith    .   c - +0 buckler
rNeg    . . .      Spirit   .   b - +0 scale mail
rPois   .          Reflect  .   (no helmet)
rElec   .          Harm     .   (no cloak)
rCorr   .          Rampage  .   (no gloves)
Will    .....      NoTele   +   (no boots)
Stlth   ..........              (no amulet)
HPRegen 0.13/turn               (no ring)
MPRegen 0.09/turn               (no ring)

@: berserking, lethally poisoned (-2 -> -17), very quick
A: high MP 1, forlorn, divine attributes
a: no special abilities


You were in the Dungeon.
You visited 1 branch You collected 243 gold pieces.

Inventory:

Hand Weapons
 a - a +0 trident (weapon)
Armour
 b - a +0 scale mail (worn)
 c - a +0 buckler (worn)
Scrolls
 j - a scroll of blinking
Potions
 d - a potion of might
 f - a potion of heal wounds
 g - a potion of haste
 h - 2 potions of magic


   Skills:
 + Level 3.4 Fighting
 + Level 2.3 Polearms
 + Level 3.3 Armour
 - Level 3.3 Shields


You had one spell level left.
You didn't know any spells.
Your spell library was empty.

Dungeon Overview and Level Annotations

Branches:
Dungeon (1/1)

Shops:
D ?=!=([([:


Innate Abilities, Weirdness & Mutations

You have an increased reservoir of magic. (+10% MP)
You shall have no god before yourself.
Your divine heritage dramatically boosts your attributes as you level up.


Message History

2 boulder beetles come into view.
Found 243 gold pieces.
You close the door.
You open the door. 4 scorpions come into view.
You closely miss the scorpion. The scorpion stings you.
You closely miss the scorpion.
The scorpion stings you but does no damage.
The scorpion stings you!
You hit the scorpion but do no damage.
The scorpion stings you but does no damage.
You hit the scorpion.
The scorpion is moderately wounded.
The scorpion barely misses you. The scorpion stings you.
You are lethally poisoned!
The scorpion poisons you!
Unknown command.
You feel better. The scorpion stings you!
You are lethally poisoned!
The scorpion poisons you!
A red film seems to cover your vision as you go berserk!
You feel yourself moving faster!
You feel mighty!
You feel very sick. The scorpion stings you!
* * * LOW HITPOINT WARNING * * *
You are more poisoned.
The scorpion poisons you!
You hit the scorpion.
The scorpion is heavily wounded.
* * * LOW HITPOINT WARNING * * *
You feel very sick. The scorpion barely misses you.
You closely miss the scorpion.
The scorpion is heavily wounded.
* * * LOW HITPOINT WARNING * * *
You feel very sick. The scorpion closely misses you.
You hit the scorpion.
The scorpion is severely wounded.
You die...

######≈ ....∩#≈
...∩.#≈ ..∩.∩#≈
.∩.∩.#≈ ### #
∩.∩..#≈##.# #+# .#
.∩...#≈#.####.##ss#
+≈'##.'.<@s#
.....#≈#...##.##s.#
▓▓▓###≈##.###+# .#
######≈ ###


B#B # ## .. .. ##. .## ## ## You could see 4 scorpions.

Vanquished Creatures
  3 worms (D)
3 creatures vanquished.

Notes
Turn   | Place    | Note
-------+----------+-------------------------------------------
     0 | D        | McKennaii the Demigod Fighter began the quest for the Orb.
     0 | D        | Reached XP level 1. HP: 18/18 MP: 3/3
   195 | D        | Found Buoheare's Antique Weapon Emporium.
   195 | D        | Found Qeipp's Antique Weapon Emporium.
   195 | D        | Found Joepse's Jewellery Shoppe.
   195 | D        | Found Decigew's Book Emporium.
   195 | D        | Found Nounnoab's Jewellery Shoppe.
   195 | D        | Found Obliaz's Armour Shoppe.
   195 | D        | Found Bunegem's Antique Armour Shoppe.
   196 | D        | Found Zewynaj's Distillery.
   196 | D        | Found Fyteip's Magic Scroll Shoppe.
   201 | D        | Reached XP level 2. HP: 26/26 MP: 4/4
   211 | D        | Noticed a boulder beetle
   211 | D        | Noticed a boulder beetle
   214 | D        | Noticed a scorpion
   214 | D        | Noticed a scorpion
   214 | D        | Noticed a scorpion
   214 | D        | Noticed a scorpion
   222 | D        | HP: 1/39 [poisoned by a scorpion]
   223 | D        | Succumbed to a scorpion's poison

Illustrated notes

Levels and vault maps discovered:
D:        the_violet_keep_of_menkaure [sprint2_stairs_cluster_1,
          sprint2_shoproom, sprint2_temple, sprint2_basic_supplies,
          sprint2_obstacle_5, sprint2_obstacle_4, sprint2_obstacle_2,
          sprint2_obstacle_3, sprint2_obstacle_6, sprint2_timed_cluster_1,
          sprint2_smallroom_cluster_1, sprint2_smallroom_final_cluster_1,
          sprint2_transparent_cluster_1, sprint2_second_timed_cluster_1,
          sprint2_sniper_area_1, sprint2_heavy_combat_area_1,
          sprint2_mutation_trap_area_1, sprint2_forest_area_1,
          sprint2_light_combat_area_1, sprint2_behind_water_1,
          sprint2_near_end_vault_1]

Skill      XL: |  1 |
---------------+----+-----
Fighting       | 3 |  3.4
Polearms       | 2 |  2.3
Armour         | 3 |  3.3
Shields        | 3 |  3.3

Action                   || total
-------------------------++-------
Melee: Trident           ||    23
  Use: Potion            ||     2
Armor: Scale mail        ||     3
Dodge: Dodged            ||     6
Block: Buckler           ||     2
